[Event "Titled Tuesday Blitz June 28 Early 2022"]
[White "Dubov, Daniil"]
[Black "Orlov, Georgi"]
[WhiteFideId "24126055"]
[BlackFideId "2011271"]
[WhiteElo "2791"]
[BlackElo "2523"]
[Result "1-0"]
[Round "03"]
[TimeControl "180+1"]
[Date "2022.06.28"]
[WhiteClock "0:00:46"]
[BlackClock "0:00:04"]

1. e4 e6 2. d4 d5 3. e5 c5 4. c3 Qb6 5. Nf3 Bd7 6. a3 a5 7. Bd3 Nc6 8. dxc5 Bxc5 9. O-O Nge7 10. Nbd2 Ng6 11. Bxg6 hxg6 12. Nb3 Be7 13. Re1 a4 14. Nbd4 Na5 15. Bg5 Bc5 16. Rb1 Nc4 17. Qe2 Qa6 18. h3 Qb6 19. h4 Qa6 20. g3 Qb6 21. Kg2 Bc6 22. Bf4 Qa6 23. Rbd1 Na5 24. Qc2 Nc4 25. Bc1 Bd7 26. Qe2 Rc8 27. Ng5 Be7 28. Rh1 Qb6 29. h5 Bxg5 30. Bxg5 gxh5 31. Rxh5 Rg8 32. Rdh1 Bc6 33. Bc1 Kd7 34. Rh7 Rcf8 35. Re1 Kc8 36. Qg4 Qc7 37. Rxg7 Rh8 38. Bf4 Nxb2 39. Nxe6 d4+ 40. f3 Qd7 41. Nxf8 Qxg4 42. Rxg4 1-0


[Site "https://www.chess.com"]

[Event "Titled Tuesday Blitz June 28 Early 2022"]
[White "Dudzinski, Pawel"]
[Black "Pirvulescu, Ekaterina"]
[WhiteFideId "1117890"]
[BlackFideId "13506374"]
[WhiteElo "2011"]
[BlackElo "1740"]
[Result "1-0"]
[Round "03"]
[TimeControl "180+1"]
[Date "2022.06.28"]
[WhiteClock "0:00:38"]
[BlackClock "0:00:28"]

1. e4 c5 2. Nc3 g6 3. g3 Bg7 4. Bg2 Nc6 5. d3 e6 6. Be3 d6 7. Qd2 Nge7 8. Bh6 O-O 9. h4 Nd4 10. O-O-O Nec6 11. h5 gxh5 12. Rxh5 Qf6 13. Bxg7 Kxg7 14. Nge2 Rh8 15. Rdh1 b5 16. e5 dxe5 17. Nxd4 exd4 18. Ne4 Qe7 19. Qh6+ Kg8 20. Nf6+ Qxf6 21. Qxf6 Bd7 1-0


[Site "https://www.chess.com"]

[Event "Titled Tuesday Blitz June 28 Early 2022"]
[White "Dwilewicz, Katarzyna"]
[Black "Prestia, Paris"]
[WhiteFideId "1148486"]
[BlackFideId "30925959"]
[WhiteElo "1907"]
[BlackElo "2555"]
[Result "1-0"]
[Round "03"]
[TimeControl "180+1"]
[Date "2022.06.28"]
[WhiteClock "0:00:57"]
[BlackClock "0:00:06"]

1. e4 c5 2. Nf3 d6 3. d4 cxd4 4. Nxd4 Nf6 5. Nc3 g6 6. Bc4 Bg7 7. O-O O-O 8. h3 Nc6 9. Re1 a6 10. Bg5 h6 11. Bh4 Nxd4 12. Qxd4 b5 13. Bb3 Bb7 14. Qe3 g5 15. Bg3 Rc8 16. Rad1 Nh5 17. Bh2 Qc7 18. Re2 Bxc3 19. bxc3 Qxc3 20. Rd3 Qc5 21. Qd2 Kg7 22. h4 Nf4 23. Bxf4 gxf4 24. Qxf4 Qh5 25. Rg3+ Kh8 26. Rd2 a5 27. Bd5 Bxd5 28. Rxd5 e5 29. Qf6+ Kh7 30. Qg7# 1-0


[Site "https://www.chess.com"]

[Event "Titled Tuesday Blitz June 28 Early 2022"]
[White "Espinosa Veloz, Ermes"]
[Black "Bryakin, Mikhail"]
[WhiteFideId "3507424"]
[BlackFideId "4165314"]
[WhiteElo "2333"]
[BlackElo "2417"]
[Result "1-0"]
[Round "03"]
[TimeControl "180+1"]
[Date "2022.06.28"]
[WhiteClock "0:00:25"]
[BlackClock "0:00:15"]

1. e4 d6 2. d4 Nf6 3. Nc3 g6 4. f4 Bg7 5. Nf3 O-O 6. Bd3 Na6 7. O-O c5 8. d5 Nc7 9. a4 Rb8 10. Qe1 a6 11. a5 b5 12. axb6 Rxb6 13. Qh4 Nb5 14. Ne2 c4 15. Bxc4 Nxe4 16. Be3 Rb8 17. c3 Qc7 18. Bd3 Nc5 19. Bc2 Bf5 20. Bxf5 gxf5 21. g4 fxg4 22. Qxg4 Kh8 23. Kh1 Ne4 24. Rg1 Bf6 25. Qh5 Qc4 26. Ng3 Rg8 27. Nf5 Qxd5 28. c4 Qxc4 29. Nh6 Rxg1+ 30. Rxg1 Rf8 31. Qg4 Ng5 32. Nxg5 Bg7 33. Qh5 Qd5+ 34. Rg2 Bxh6 35. Qxh6 Qd1+ 36. Bg1 1-0


[Site "https://www.chess.com"]

[Event "Titled Tuesday Blitz June 28 Early 2022"]
[White "Estrada Nieto, Julian"]
[Black "Aradhya, Garg"]
[WhiteFideId "5101018"]
[BlackFideId "25006746"]
[WhiteElo "2252"]
[BlackElo "2203"]
[Result "1/2-1/2"]
[Round "03"]
[TimeControl "180+1"]
[Date "2022.06.28"]
[WhiteClock "0:00:21"]
[BlackClock "0:00:44"]

1. e4 e5 2. Nf3 Nc6 3. Bb5 a6 4. Ba4 Nf6 5. O-O b5 6. Bb3 Bc5 7. d3 O-O 8. Be3 d6 9. h3 h6 10. Nc3 Be6 11. Bxe6 fxe6 12. d4 exd4 13. Nxd4 Nxd4 14. Bxd4 Nd7 15. a4 b4 16. Ne2 Qg5 17. Ng3 Rf7 18. Kh2 Raf8 19. Bxc5 Nxc5 20. Qd4 a5 21. Rae1 h5 22. e5 h4 23. Ne4 Qf4+ 24. Kg1 Rf5 25. exd6 Rd5 26. Qe3 cxd6 27. Nxc5 Qxe3 28. Rxe3 Rxc5 29. Rxe6 Rxc2 30. Rxd6 Rxb2 31. Rd5 Ra8 32. Re1 b3 33. Rb5 Ra2 34. Rxb3 Rxa4 35. Rb7 Rb4 36. Rc7 Kh7 37. Ree7 Rg8 38. Ra7 a4 39. Re5 Kh6 40. Rea5 Rf8 41. Rxa4 Rxa4 42. Rxa4 g5 43. f3 Kg6 44. Kf2 Rb8 45. Ra6+ Kf5 46. Ra5+ Kf4 47. Ra4+ Kf5 48. Ra5+ Kf4 49. Ra4+ Kf5 50. Ra5+ 1/2-1/2


[Site "https://www.chess.com"]

[Event "Titled Tuesday Blitz June 28 Early 2022"]
[White "Fecker, Noah"]
[Black "Cruz, Cristhian"]
[WhiteFideId "1334263"]
[BlackFideId "3801969"]
[WhiteElo "2312"]
[BlackElo "2497"]
[Result "1-0"]
[Round "03"]
[TimeControl "180+1"]
[Date "2022.06.28"]
[WhiteClock "0:00:21"]
[BlackClock "0:00:30"]

1. e4 c6 2. Nf3 d5 3. Nc3 dxe4 4. Nxe4 Qd5 5. Qe2 Bg4 6. h3 Bxf3 7. Qxf3 Nd7 8. g4 Ngf6 9. Nxf6+ Nxf6 10. Bg2 Qxf3 11. Bxf3 g6 12. d4 Bg7 13. c3 h5 14. g5 Nd5 15. a3 O-O-O 16. O-O e5 17. dxe5 Bxe5 18. c4 Nc7 19. Rb1 Ne6 20. Be3 Bf4 21. Bxa7 Bxg5 22. b4 Rd3 23. Bg2 Rxa3 24. Bb6 Bd8 25. Be3 Bg5 26. Bb6 Nf4 27. Ra1 Rxa1 28. Rxa1 Nxg2 29. Ra8+ Kd7 30. Rxh8 Nh4 31. Rb8 Nf3+ 32. Kg2 Ne5 33. Rxb7+ Ke6 34. b5 Nxc4 35. bxc6 Kd6 36. Bd4 Kxc6 37. Rxf7 Kd5 38. Bc3 Bc1 39. Rg7 g5 40. Rh7 h4 41. Re7 Nd6 42. Kf3 Nb5 43. Bf6 Bf4 44. Kg4 Kd6 45. Re1 Nc7 46. Bxg5 Be5 47. f4 Bc3 48. Re2 Ne6 49. Bxh4 Nd4 50. Re8 Ne6 51. f5 Nc7 52. Re2 Nd5 53. Bg3+ Kc5 54. Be5 Ba5 55. Rc2+ Kb5 56. Re2 Bd8 57. h4 Kc6 58. h5 Bf6 59. Bxf6 Nxf6+ 60. Kg5 1-0


[Site "https://www.chess.com"]

[Event "Titled Tuesday Blitz June 28 Early 2022"]
[White "Fernandez Hernandez, Gerardo"]
[Black "Hoffmann, Asa"]
[WhiteFideId "2207400"]
[BlackFideId "2001470"]
[WhiteElo "2229"]
[BlackElo "2117"]
[Result "1-0"]
[Round "03"]
[TimeControl "180+1"]
[Date "2022.06.28"]
[WhiteClock "0:00:11"]
[BlackClock "0:01:06"]

1. e4 d6 2. Nc3 Nf6 3. f4 c6 4. Nf3 d5 5. e5 Ne4 6. d3 Nxc3 7. bxc3 Bg4 8. Be2 e6 9. h3 Bh5 10. Be3 Nd7 11. d4 c5 12. O-O Qa5 13. Qd2 Bxf3 14. Bxf3 cxd4 15. Bxd4 Bc5 16. Qf2 g6 17. a4 b6 18. Be2 Bxd4 19. cxd4 Qc3 20. Bb5 Rd8 21. Rab1 O-O 22. Rb3 Qc7 23. g4 Rc8 24. f5 Qxc2 25. Qxc2 Rxc2 26. Bxd7 exf5 27. gxf5 Rc4 28. fxg6 hxg6 29. e6 fxe6 30. Bxe6+ Kg7 31. Rxf8 Kxf8 32. Bxd5 Rxd4 33. Bc6 Ke7 34. Re3+ Kd6 35. Bb5 a6 36. Rd3 Rxd3 37. Bxd3 b5 38. a5 g5 39. Kf2 Kc5 40. Kg3 Kb4 41. Kg4 Kxa5 42. Kxg5 Kb4 43. h4 Kc3 44. Bf5 a5 45. h5 a4 46. h6 a3 47. Be6 b4 48. h7 b3 49. h8=Q+ Kb4 50. Bxb3 Kxb3 51. Qa1 Kb4 52. Kf4 Kb3 53. Ke3 Kb4 54. Kd3 Kb3 55. Kd2 a2 56. Kd3 Ka3 57. Kc3 Ka4 58. Qxa2+ Kb5 59. Qd5+ Ka4 60. Qb7 Ka5 61. Kc4 Ka4 62. Qb4# 1-0


[Site "https://www.chess.com"]

[Event "Titled Tuesday Blitz June 28 Early 2022"]
[White "Fernandez Siles, Luis"]
[Black "Janaszak, Dawid"]
[WhiteFideId "2209420"]
[BlackFideId "1119206"]
[WhiteElo "2211"]
[BlackElo "2199"]
[Result "0-1"]
[Round "03"]
[TimeControl "180+1"]
[Date "2022.06.28"]
[WhiteClock "0:00:49"]
[BlackClock "0:01:54"]

1. e4 c5 2. Nf3 Nc6 3. c3 e5 4. Bc4 Nf6 5. d3 Be7 6. O-O O-O 7. Re1 d6 8. Bb3 Kh8 9. h3 Ng8 10. d4 c4 11. Bxc4 Bf6 12. dxe5 Nxe5 13. Nxe5 Bxe5 14. f4 Bf6 15. Be3 Ne7 16. Bb3 Be6 17. Nd2 d5 18. e5 Bh4 19. Re2 Nf5 20. Bc5 Rg8 21. Nf3 Bg3 22. Qd2 h6 23. Rd1 Qc7 24. Bd6 Nxd6 25. exd6 Qxd6 26. Bxd5 Bxf4 27. Qd4 Bxd5 28. Qxd5 Qb6+ 29. Qd4 Rad8 0-1


[Site "https://www.chess.com"]

[Event "Titled Tuesday Blitz June 28 Early 2022"]
[White "Flynn, Jacob"]
[Black "Al-Tarboush, Ward"]
[WhiteFideId "2509393"]
[BlackFideId "7601450"]
[WhiteElo "1896"]
[BlackElo "2249"]
[Result "0-1"]
[Round "03"]
[TimeControl "180+1"]
[Date "2022.06.28"]
[WhiteClock "0:00:11"]
[BlackClock "0:01:10"]

1. d4 d5 2. c4 c6 3. Nf3 Nf6 4. Qc2 dxc4 5. Qxc4 Bf5 6. g3 e6 7. Bg2 Nbd7 8. O-O Be7 9. Nc3 O-O 10. Re1 Ne4 11. Nd2 Nxd2 12. Bxd2 e5 13. e4 Bg6 14. d5 Nb6 15. Qb3 Bc5 16. Be3 Bd4 17. Bxd4 exd4 18. Ne2 cxd5 19. exd5 d3 20. Nf4 Qd6 21. Nxg6 hxg6 22. Qxd3 Rad8 23. Rad1 Na4 24. Qd2 Rd7 25. h4 Rfd8 26. Qd4 Nb6 27. Bh3 f5 28. Bf1 Kh7 29. Bb5 Rc7 30. Re5 Rc5 31. Bf1 Rxd5 32. Rxd5 Qxd5 33. Qxd5 Rxd5 34. Rxd5 Nxd5 35. Bg2 Nb4 36. Bxb7 Nxa2 37. Kf1 Nb4 38. Ke2 Kg8 39. Kd2 Kf7 40. Kc3 Na2+ 41. Kc4 Ke6 42. b4 Kd6 43. b5 Nc1 44. Bd5 Nd3 45. Bf7 Ne5+ 46. Kd4 Nxf7 0-1


[Site "https://www.chess.com"]

[Event "Titled Tuesday Blitz June 28 Early 2022"]
[White "Gaisinsky, Adam"]
[Black "Ferreira, Vitor Hugo Vieira"]
[WhiteFideId "2620561"]
[BlackFideId "2119765"]
[WhiteElo "1965"]
[BlackElo "2165"]
[Result "1-0"]
[Round "03"]
[TimeControl "180+1"]
[Date "2022.06.28"]
[WhiteClock "0:01:42"]
[BlackClock "0:01:41"]

1. d4 d5 2. Nf3 Nf6 3. Bf4 e6 4. e3 Bd6 5. Ne5 O-O 6. Nd2 Ne4 7. Bd3 Nxd2 8. Qxd2 Nc6 9. O-O f6 10. Nxc6 bxc6 11. Bxd6 cxd6 12. c4 dxc4 13. Bxc4 d5 14. Bd3 e5 15. Qc2 e4 16. Qxc6 Rb8 17. Bb5 Rb6 18. Qc5 a6 19. Ba4 Rxb2 20. Bb3 Be6 21. Rac1 Rf7 22. Qc6 Re7 23. Qxa6 Qb8 24. Qa3 Rxb3 25. Qxe7 Rb6 26. Rc7 1-0


[Site "https://www.chess.com"]

[Event "Titled Tuesday Blitz June 28 Early 2022"]
[White "Gallegos Diaz, Carlos Alberto"]
[Black "Karaev, Seit-Amet"]
[WhiteFideId "3900886"]
[BlackFideId "4169549"]
[WhiteElo "2362"]
[BlackElo "2272"]
[Result "0-1"]
[Round "03"]
[TimeControl "180+1"]
[Date "2022.06.28"]
[WhiteClock "0:00:32"]
[BlackClock "0:00:52"]

1. e4 Nf6 2. Nc3 d5 3. d3 e6 4. Be2 Be7 5. Nf3 O-O 6. O-O c5 7. Bg5 Nc6 8. Re1 h6 9. Bh4 d4 10. Nb1 e5 11. h3 Ne8 12. Bg3 Bd6 13. Nbd2 Bc7 14. a4 Be6 15. Nc4 Bxc4 16. dxc4 Qe7 17. Bd3 g6 18. Nh2 Ng7 19. Rf1 f5 20. f3 f4 21. Bf2 g5 22. Re1 Ba5 23. Re2 h5 24. Be1 Bc7 25. a5 Rad8 26. a6 b6 27. Rf2 Rf6 28. Be2 Rg6 29. Nf1 d3 30. Bxd3 Nd4 31. c3 Nde6 32. Qc2 g4 33. fxg4 hxg4 34. hxg4 Rxg4 35. Nh2 Rg3 36. Nf3 Ng5 37. Kf1 Nh5 38. Rd1 Rf8 39. Be2 Rg4 40. Qd3 Ng3+ 41. Kg1 N5xe4 42. Qd7 Qxd7 43. Rxd7 Nxf2 44. Kxf2 Rg7 45. Rxg7+ Kxg7 46. Ng5 Re8 47. Bg4 Kf6 48. Nh7+ Kg6 0-1


[Site "https://www.chess.com"]

[Event "Titled Tuesday Blitz June 28 Early 2022"]
[White "Garv Gaur"]
[Black "Silvestre, Christian"]
[WhiteFideId "45030839"]
[BlackFideId "30956269"]
[WhiteElo "1950"]
[BlackElo "2349"]
[Result "1-0"]
[Round "03"]
[TimeControl "180+1"]
[Date "2022.06.28"]
[WhiteClock "0:01:14"]
[BlackClock "0:00:14"]

1. d4 Nf6 2. Nf3 g6 3. c4 Bg7 4. g3 O-O 5. Bg2 d6 6. O-O c6 7. Nc3 Qa5 8. h3 e5 9. e4 exd4 10. Nxd4 Qc5 11. Qd3 Rd8 12. Be3 Qh5 13. g4 Qa5 14. Nb3 Qc7 15. Rad1 Na6 16. e5 Ne8 17. exd6 Rxd6 18. Qe4 Re6 19. Qf3 Bd7 20. Bf4 Qc8 21. Nd4 Re7 22. Ne4 f5 23. Nd6 Nxd6 24. Bxd6 fxg4 25. Qg3 Rf7 26. Rfe1 gxh3 27. Bf3 Bf8 28. Be5 Bg7 29. Bxg7 Kxg7 30. Re3 Qc7 31. Qg5 Qf4 32. Qxf4 Rxf4 33. Nb5 Rf7 34. Nd6 Rxf3 35. Rxf3 Bg4 36. Rf7+ Kh6 37. Rd4 Bh5 38. Rxb7 Nc5 39. Re7 Rf8 40. Nf7+ Kg7 41. Rf4 Ne6 42. Ng5+ Kh6 43. Nxe6 1-0


[Site "https://www.chess.com"]

[Event "Titled Tuesday Blitz June 28 Early 2022"]
[White "Goltsev, Dmitry"]
[Black "Djabri,Massinas"]
[WhiteFideId "24176710"]
[BlackFideId "7905726"]
[WhiteElo "2258"]
[BlackElo "1941"]
[Result "1-0"]
[Round "03"]
[TimeControl "180+1"]
[Date "2022.06.28"]
[WhiteClock "0:01:47"]
[BlackClock "0:01:39"]

1. e4 e5 2. Nf3 Nc6 3. Bb5 Nf6 4. O-O Nxe4 5. d4 Nd6 6. Bxc6 dxc6 7. dxe5 Nf5 8. Qxd8+ Kxd8 9. Rd1+ Ke8 10. Bg5 Be7 11. Nc3 h6 12. Bxe7 Nxe7 13. h3 h5 14. Rd2 Bf5 15. Rad1 b6 16. Nd4 Bg6 17. e6 a6 18. exf7+ Bxf7 19. Re1 Kf8 20. Rde2 Re8 21. Re3 c5 22. Nf3 Nf5 23. Rxe8+ Bxe8 24. Nd5 Bc6 25. Nxc7 Rh6 26. Ne5 Nd4 27. c3 Nb5 28. Nxa6 Re6 29. Nb8 Be8 30. Ned7+ 1-0


[Site "https://www.chess.com"]

[Event "Titled Tuesday Blitz June 28 Early 2022"]
[White "Golubovskis, Maksims"]
[Black "Seo, Jung Min"]
[WhiteFideId "11608528"]
[BlackFideId "1734687"]
[WhiteElo "2102"]
[BlackElo "2414"]
[Result "0-1"]
[Round "03"]
[TimeControl "180+1"]
[Date "2022.06.28"]
[WhiteClock "0:00:01"]
[BlackClock "0:01:35"]

1. e4 c5 2. Nf3 a6 3. c3 d5 4. exd5 Qxd5 5. d4 Nf6 6. c4 Qe4+ 7. Be2 cxd4 8. O-O Nc6 9. Re1 e6 10. Nbd2 Qf4 11. Nb3 Qc7 12. Nbxd4 Bb4 13. Bd2 Bxd2 14. Qxd2 O-O 15. Nxc6 bxc6 16. Rad1 a5 17. Qd6 Qb6 18. b3 a4 19. b4 Ne4 20. Qd4 Qxd4 21. Rxd4 Nc3 22. a3 c5 23. bxc5 Nxe2+ 24. Rxe2 Ra5 25. c6 Rc5 26. Ne5 Re8 27. Rd6 f6 28. Nf3 Rxc4 29. h4 e5 30. Rb2 Rc3 31. Rb8 Kf8 32. Nd2 Ke7 33. Rd5 Rxc6 34. Ra5 Bd7 35. Rxe8+ Kxe8 36. Ra8+ Ke7 37. Ne4 Rc4 38. f3 f5 39. Ng5 h6 40. Nh3 Rc3 0-1


[Site "https://www.chess.com"]

[Event "Titled Tuesday Blitz June 28 Early 2022"]
[White "Gormally, Daniel W"]
[Black "Alinasab, Mobina"]
[WhiteFideId "406465"]
[BlackFideId "12528897"]
[WhiteElo "2543"]
[BlackElo "2031"]
[Result "1-0"]
[Round "03"]
[TimeControl "180+1"]
[Date "2022.06.28"]
[WhiteClock "0:00:09"]
[BlackClock "0:00:02"]

1. e4 c5 2. Nc3 e6 3. Nf3 Nc6 4. d4 cxd4 5. Nxd4 Nf6 6. Ndb5 Bb4 7. a3 Bxc3+ 8. Nxc3 d5 9. exd5 exd5 10. Bd3 O-O 11. O-O d4 12. Ne2 Bg4 13. f3 Bh5 14. b4 a6 15. Bb2 Nd5 16. Qd2 Qb6 17. Qg5 Nf6 18. Nf4 Bg6 19. Rfe1 Rfe8 20. h4 h6 21. Qg3 Bxd3 22. cxd3 Qc7 23. Rac1 Qd6 24. Kh2 Rad8 25. Re2 Nd5 26. Rce1 Rxe2 27. Nxe2 Qf6 28. Qf2 Nf4 29. Nxf4 Qxf4+ 30. Qg3 Qf5 31. Re4 Qd7 32. Rg4 f5 33. Rg6 Kh8 34. h5 Qe7 35. Bc1 Qe5 36. Bf4 Qe7 37. Bxh6 Rg8 38. Bf4 Nd8 39. Bd6 Qf7 40. Be5 Kh7 41. Bxd4 Ne6 42. Be5 f4 43. Qg4 Nf8 44. Rg5 Qd7 45. Qxf4 Qe6 46. Qe4+ Kh8 47. d4 Qh6 48. Qg4 Nh7 49. Rg6 Qe3 50. Rxg7 1-0


[Site "https://www.chess.com"]

[Event "Titled Tuesday Blitz June 28 Early 2022"]
[White "Gubajdullin, Alexei"]
[Black "OKEKE, Isaac Chukwudalu"]
[WhiteFideId "4141202"]
[BlackFideId "8508526"]
[WhiteElo "2280"]
[BlackElo "2102"]
[Result "0-1"]
[Round "03"]
[TimeControl "180+1"]
[Date "2022.06.28"]
[WhiteClock "0:00:07"]
[BlackClock "0:00:21"]

1. c4 e5 2. Nc3 Nf6 3. Nf3 Nc6 4. e3 d5 5. cxd5 Nxd5 6. Bb5 Nxc3 7. bxc3 Bd7 8. O-O Bd6 9. d4 e4 10. Nd2 f5 11. c4 O-O 12. c5 Bxh2+ 13. Kxh2 Qh4+ 14. Kg1 Rf6 15. f3 Rh6 16. Qe1 Qh2+ 17. Kf2 Rg6 18. Rg1 Nxd4 19. Bc4+ Ne6 20. Nf1 Qe5 21. Rb1 exf3 22. gxf3 Rxg1 23. Kxg1 Qxc5 24. Qc3 Kh8 25. Bb2 Qe7 26. Rd1 Qg5+ 27. Kf2 Nc5 28. Qe5 Qh4+ 29. Ke2 Qxc4+ 30. Kf2 Rg8 31. Kg3 Qe2 32. Qd4 Bc6 33. Nh2 f4+ 34. exf4 Ne6 35. Qd2 Qb5 36. Re1 Qf5 37. Re5 Qg6+ 38. Ng4 h5 39. Qh2 Rf8 40. Rxh5+ Kg8 41. Rh8+ Kf7 42. f5 Qxf5 43. Ne5+ Ke8 44. Rxf8+ Qxf8 45. Qh5+ Kd8 46. Nxc6+ bxc6 47. Be5 Qe8 48. Qh4+ Kc8 49. Qb4 Qg6+ 50. Kf2 Qc2+ 51. Kg3 Qxa2 52. Qc3 Qd5 53. Kf2 Qc5+ 54. Qxc5 Nxc5 55. Bxg7 Kd7 56. Ke3 Ne6 57. Be5 c5 58. f4 a5 59. Ke4 a4 60. f5 Nd4 61. f6 Ke6 62. Bf4 Kxf6 63. Bc1 Ke6 64. Ba3 Nb3 65. Bb2 Kd6 66. Ba3 Kc6 67. Kd3 Kb5 68. Kc3 c4 69. Bc1 c5 70. Bf4 Nd4 71. Be3 Nf5 72. Bf4 a3 73. Kc2 Kb4 74. Bd2+ Kb5 75. Bc3 Nd4+ 76. Kb1 Ka4 77. Ka2 Nb5 78. Bd2 c3 79. Be3 c4 80. Bc1 Kb4 81. Be3 c2 82. Bc1 Nc3+ 83. Ka1 Nb1 84. Bxa3+ Nxa3 85. Kb2 Ka4 86. Kc1 Kb3 87. Kd2 Kb2 88. Ke3 c3 89. Kd4 c1=Q 90. Kc5 Qd2 91. Kb4 c2+ 92. Ka4 Qd4+ 93. Ka5 Qc5+ 94. Ka6 Qb5+ 95. Ka7 Nc4 96. Ka8 Nd6 97. Ka7 Qb7# 0-1


[Site "https://www.chess.com"]

[Event "Titled Tuesday Blitz June 28 Early 2022"]
[White "Gueci, Tea"]
[Black "Thiel, Thomas"]
[WhiteFideId "872342"]
[BlackFideId "4615964"]
[WhiteElo "2142"]
[BlackElo "2249"]
[Result "0-1"]
[Round "03"]
[TimeControl "180+1"]
[Date "2022.06.28"]
[WhiteClock "0:00:02"]
[BlackClock "0:00:13"]

1. e4 d5 2. exd5 Nf6 3. Nc3 Nxd5 4. Nxd5 Qxd5 5. Nf3 Nc6 6. Be2 g6 7. O-O Bg7 8. c3 O-O 9. d4 e5 10. dxe5 Qxd1 11. Rxd1 Nxe5 12. Bf4 Nxf3+ 13. Bxf3 c6 14. Rd2 Be6 15. a4 Bb3 16. a5 a6 17. Bc7 Rfe8 18. g3 Be6 19. Bb6 Bf6 20. h4 Bd8 21. Bd4 Be7 22. h5 Rad8 23. hxg6 hxg6 24. Re2 Bf8 25. Kg2 Bg7 26. Bb6 Rd3 27. Be4 Rd7 28. Rae1 Rc8 29. f4 Bf8 30. Rf2 Bd5 31. f5 Re8 32. Rfe2 Rxe4 33. Rxe4 Re7 34. c4 Rxe4 35. Kf2 Rxc4 36. fxg6 fxg6 37. Re8 Kf7 38. Rb8 c5 39. Rd8 Bc6 40. Rc8 Be7 41. Rc7 Ke6 42. Ke3 Rb4 43. Rc8 Rb3+ 44. Kf4 Rxb2 45. Rg8 Kf7 46. Rh8 c4 47. Bd4 Rb5 48. Rh7+ Ke6 49. Rg7 Rf5+ 50. Ke3 g5 51. Rg6+ Kd5 52. g4 Rf7 53. Bh8 Bc5+ 54. Kd2 Rh7 55. Bc3 Rh2+ 56. Kc1 Rh3 57. Rxg5+ Ke4 58. Bg7 Ba3+ 59. Kc2 Ba4+ 60. Kd2 Bb4+ 61. Ke2 Rh2+ 62. Kf1 c3 63. Re5+ Kd3 64. Rd5+ Kc2 65. Rd4 Bb5+ 66. Kg1 Rd2 67. Rxb4 Rd3 68. g5 Rg3+ 69. Kf2 Rxg5 70. Bd4 Rf5+ 71. Ke3 Rf8 0-1


[Site "https://www.chess.com"]

[Event "Titled Tuesday Blitz June 28 Early 2022"]
[White "Gundam, Rohit"]
[Black "Shuvalov, Evgenij"]
[WhiteFideId "75002809"]
[BlackFideId "4187237"]
[WhiteElo "2343"]
[BlackElo "2023"]
[Result "0-1"]
[Round "03"]
[TimeControl "180+1"]
[Date "2022.06.28"]
[WhiteClock "0:00:02"]
[BlackClock "0:01:00"]

1. d4 Nf6 2. Nf3 c5 3. d5 b5 4. c4 b4 5. Nbd2 g6 6. e4 d6 7. Bd3 Bg7 8. O-O O-O 9. a4 e5 10. dxe6 Bxe6 11. Rb1 Nc6 12. b3 Nd7 13. Bb2 Nde5 14. Nxe5 dxe5 15. Be2 Nd4 16. Nf3 f5 17. Nxd4 exd4 18. exf5 Bxf5 19. Bd3 Qd7 20. Bc1 Rae8 21. Rb2 Bxd3 22. Qxd3 Qe6 23. f3 Rf7 24. Rbf2 Qf5 25. Qxf5 Rxf5 26. Rd1 Rfe5 27. Kf1 h5 28. Bf4 R5e6 29. h4 Kh7 30. Rfd2 Bh6 31. Bxh6 Kxh6 32. Rd3 Re2 33. R1d2 Re1+ 34. Kf2 R1e3 35. Kg3 g5 36. hxg5+ Kxg5 37. Kf2 h4 38. a5 Kf4 39. a6 R8e6 40. Rd1 Rxa6 41. Rxe3 dxe3+ 42. Kg1 e2 43. Re1 Ke3 44. f4 Rf6 45. g3 hxg3 46. Kg2 Rxf4 47. Kxg3 Rf1 0-1


[Site "https://www.chess.com"]

[Event "Titled Tuesday Blitz June 28 Early 2022"]
[White "Gurevich, Dmitry"]
[Black "Piliczewski, Bogusz"]
[WhiteFideId "2000407"]
[BlackFideId "1104144"]
[WhiteElo "2506"]
[BlackElo "1896"]
[Result "1-0"]
[Round "03"]
[TimeControl "180+1"]
[Date "2022.06.28"]
[WhiteClock "0:01:39"]
[BlackClock "0:00:05"]

1. d4 d5 2. c4 c6 3. cxd5 cxd5 4. Bg5 Nc6 5. Qd2 Bf5 6. Nc3 Qa5 7. e3 e6 8. Nf3 Bb4 9. Be2 Nf6 10. Bxf6 gxf6 11. O-O Rg8 12. Rfc1 Ke7 13. a3 Bd6 14. b4 Qc7 15. b5 Rxg2+ 16. Kxg2 Rg8+ 17. Kf1 Bxh2 18. bxc6 bxc6 19. Nb5 Qb6 20. Qb4+ Bd6 21. Qxd6+ 1-0


[Site "https://www.chess.com"]

[Event "Titled Tuesday Blitz June 28 Early 2022"]
[White "Guz, Ari"]
[Black "Moussard, Jules"]
[WhiteFideId "2825759"]
[BlackFideId "642908"]
[WhiteElo "1913"]
[BlackElo "2589"]
[Result "0-1"]
[Round "03"]
[TimeControl "180+1"]
[Date "2022.06.28"]
[WhiteClock "0:01:31"]
[BlackClock "0:01:37"]

1. e4 c6 2. Nf3 d5 3. Nc3 dxe4 4. Nxe4 Nf6 5. Qe2 Nxe4 6. Qxe4 Nd7 7. Bc4 Nf6 8. Ne5 e6 9. Qe2 b5 10. Bd3 Bb7 11. b3 Bd6 12. Bb2 Qc7 13. f4 a6 14. O-O-O c5 15. Rhg1 O-O-O 16. g3 Kb8 17. Kb1 Nd5 18. Be4 f6 19. Nf3 c4 20. bxc4 bxc4 21. Ka1 Ka8 22. Rb1 Rhe8 23. Nd4 e5 24. Nf5 exf4 25. Nxd6 Rxd6 26. Qg2 Rxe4 27. Qxe4 Nb4 28. Qe8+ Rd8 29. Qa4 Qa5 0-1


[Site "https://www.chess.com"]

[Event "Titled Tuesday Blitz June 28 Early 2022"]
[White "Haas, Michael"]
[Black "Manukian, Artak"]
[WhiteFideId "1629514"]
[BlackFideId "13301373"]
[WhiteElo "1982"]
[BlackElo "2477"]
[Result "1-0"]
[Round "03"]
[TimeControl "180+1"]
[Date "2022.06.28"]
[WhiteClock "0:00:45"]
[BlackClock "0:00:01"]

1. d4 Nf6 2. c4 g6 3. g3 Bg7 4. Bg2 O-O 5. Nc3 d6 6. Nf3 Nbd7 7. O-O e5 8. e4 c6 9. h3 Qe7 10. Re1 Re8 11. d5 cxd5 12. cxd5 a5 13. Be3 Nc5 14. Nd2 h5 15. a4 Kh7 16. Bxc5 dxc5 17. Nc4 Nd7 18. Nb5 h4 19. Nc7 hxg3 20. fxg3 Ra6 21. Nxa6 bxa6 22. Nxa5 Qg5 23. Kh2 f5 24. Qc1 f4 25. g4 Qh4 26. Qc3 Nf6 27. Kg1 Bxg4 28. hxg4 Nxg4 29. Qh3 Bf6 30. Qxh4+ Bxh4 31. Rf1 Ne3 32. Rf3 g5 33. Rh3 Rb8 34. b3 Kg6 35. Rc1 Bg3 36. Rxc5 g4 37. Rxg3 fxg3 38. Rc6+ Kg5 39. d6 Rb4 40. Rc1 Rd4 41. Nc4 Nxc4 42. bxc4 Rxd6 43. c5 Rd8 44. c6 1-0


[Site "https://www.chess.com"]

[Event "Titled Tuesday Blitz June 28 Early 2022"]
[White "Hafiz, Arif Abdul"]
[Black "Nozdrachev, Leonid"]
[WhiteFideId "7104227"]
[BlackFideId "24113433"]
[WhiteElo "2198"]
[BlackElo "2129"]
[Result "1-0"]
[Round "03"]
[TimeControl "180+1"]
[Date "2022.06.28"]
[WhiteClock "0:00:15"]
[BlackClock "0:00:02"]

1. e4 d6 2. d4 Nf6 3. Nc3 e5 4. dxe5 dxe5 5. Qxd8+ Kxd8 6. Bc4 Be6 7. Bxe6 fxe6 8. Be3 Nc6 9. O-O-O+ Bd6 10. f3 Ke7 11. Nge2 a6 12. Nb1 Bb4 13. c3 Ba5 14. Bc5+ Kf7 15. Nd2 Nd7 16. Nb3 Nxc5 17. Nxc5 Bb6 18. Nd3 Rhd8 19. Kc2 Rd7 20. b4 Ke7 21. a4 Be3 22. Nb2 b5 23. Rxd7+ Kxd7 24. Rd1+ Ke7 25. Ra1 Rd8 26. Nd3 Bb6 27. Nec1 g5 28. Nb3 h5 29. Nbc5 bxa4 30. Nxa4 a5 31. b5 Na7 32. Nxe5 g4 33. fxg4 hxg4 34. Rf1 Rg8 35. Nxb6 cxb6 36. Rf7+ Kd6 37. Nc4+ Kc5 38. Kb3 a4+ 39. Kxa4 Kxc4 40. Rxa7 Kxc3 41. Rc7+ Kd4 42. Rc6 e5 43. Rxb6 Kxe4 44. Rd6 Ra8+ 45. Kb4 Ra2 46. b6 Rxg2 47. Kb5 Rb2+ 48. Kc6 Kf3 49. Rd5 e4 50. Rf5+ Kg2 51. Re5 Kf3 52. Rf5+ Kg2 53. Rf4 e3 54. Rxg4+ Kf3 55. Rg3+ Kf2 56. Rg7 e2 57. Rf7+ Kg2 58. Re7 Kf2 59. Rf7+ Kg2 60. Re7 Kf2 61. h4 e1=Q 62. Rxe1 Kxe1 63. b7 Kf2 64. h5 Kf3 65. h6 Rc2+ 66. Kd6 Rd2+ 67. Kc7 Rc2+ 68. Kd7 Rd2+ 69. Kc8 Rc2+ 70. Kb8 Rh2 71. Ka7 Ra2+ 72. Kb6 Rb2+ 73. Kc6 Rc2+ 74. Kd5 Rd2+ 75. Ke6 Rd8 76. h7 Rb8 77. Kd6 Ke4 78. Kc7 Rh8 79. b8=Q Rxh7+ 80. Kd6 Rh6+ 81. Kc5 Kf5 82. Kd5 Rf6 83. Qe5+ Kg6 84. Qe4+ Kf7 85. Qg4 Rg6 86. Qd7+ Kf6 87. Qd8+ Kg7 88. Ke5 Kf7 89. Kf5 Re6 90. Qd5 Kg7 91. Qxe6 Kh8 92. Qe7 1-0


[Site "https://www.chess.com"]